 Dungeon Crawl Stone Soup version 0.28.0-1-gb440e238dd (webtiles) character file.

Game seed: 6091794477365076701

29 Ablot the Grasshopper (level 3, 0/31 HPs)
             Began as a Gnoll Warper on Feb 27, 2022.
             Slain by an orc (6 damage)
             ... on level 2 of the Dungeon.
             The game lasted 00:01:23 (1325 turns).

Ablot the Grasshopper (Gnoll Warper)                Turns: 1325, Time: 00:01:24

Health: 0/31       AC:  3    Str: 12    XL:     3   Next: 16%
Magic:  9/9        EV: 12    Int: 12    God:
Gold:   23         SH:  0    Dex: 11    Spells: 10/12 levels left

rFire   . . .      SeeInvis .   a - +0 spear
rCold   . . .      Faith    .   (no shield)
rNeg    . . .      Spirit   .   b - +0 leather armour
rPois   .          Reflect  .   (no helmet)
rElec   .          Harm     .   (no cloak)
rCorr   .          Rampage  .   (no gloves)
Will    .....                   (no boots)
Stlth   +.........              (no amulet)
HPRegen 0.10/turn               j - ring of flight
MPRegen 0.11/turn               (no ring)

@: flying
A: fangs 1, strong nose, distributed training
a: no special abilities


You were on level 2 of the Dungeon.
You visited 1 branch of the dungeon, and saw 2 of its levels.

You collected 23 gold pieces.

Inventory:

Hand Weapons
 a - a +0 spear (weapon)
 w - a +1 mace of holy wrath
Missiles
 d - 5 boomerangs of dispersal (quivered)
 g - 41 stones
Armour
 b - a +0 leather armour (worn)
Jewellery
 j - a ring of flight (left hand)
Scrolls
 c - a scroll of blinking
 e - a scroll of silence {unknown}
 h - 2 scrolls of teleportation {unknown}
 i - a scroll of brand weapon {unknown}
 l - a scroll of immolation {unknown}
Potions
 f - a potion of cancellation {unknown}
 k - 2 potions of curing {unknown}
 m - a potion of mutation {unknown}


   Skills:
 + Level 4.5 Fighting
 + Level 0.6 Short Blades
 + Level 0.6 Long Blades
 + Level 0.6 Axes
 + Level 0.6 Maces & Flails
 + Level 4.5 Polearms
 + Level 0.6 Staves
 + Level 0.6 Slings
 + Level 0.6 Bows
 + Level 0.6 Crossbows
 + Level 2.5 Throwing
 + Level 2.5 Armour
 + Level 4.5 Dodging
 + Level 0.6 Stealth
 + Level 0.6 Shields
 + Level 0.6 Unarmed Combat
 + Level 5.0 Spellcasting
 + Level 0.4 Conjurations
 + Level 0.4 Hexes
 + Level 0.4 Summonings
 + Level 0.4 Necromancy
 + Level 5.4 Translocations
 + Level 0.4 Transmutations
 + Level 0.4 Fire Magic
 + Level 0.4 Ice Magic
 + Level 0.4 Air Magic
 + Level 0.4 Earth Magic
 + Level 0.4 Poison Magic
 + Level 0.8 Invocations
 + Level 0.6 Evocations


You had 10 spell levels left.
You knew the following spells:

 Your Spells              Type           Power      Damage    Failure   Level
a - Blink                 Tloc           30%        N/A       4%          2

Your spell library contained the following spells:

 Spells                   Type           Power      Damage    Failure   Level
 Gell's Gravitas          Tloc           15%        N/A       9%          3
 Lesser Beckoning         Tloc           15%        N/A       9%          3
 Teleport Other           Tloc           15%        N/A       9%          3
 Magic Dart               Conj           16%        1d3       22%         1
 Call Imp                 Summ           4%         N/A       32%         2
 Mephitic Cloud           Conj/Pois/Air  4%         N/A       54%         3
 Manifold Assault         Tloc           15%        N/A       61%         5


Dungeon Overview and Level Annotations

Branches:
Dungeon (2/15)

Altars:


Innate Abilities, Weirdness & Mutations

You have very sharp teeth.
Your uncanny sense of smell can sniff out nearby items.
Your experience applies equally to all skills.


Message History

Your Spellcasting skill increases to level 5!
You closely miss the orc. The orc misses you.
You hit the orc.
The orc is heavily wounded.
The orc hits you from afar with a +0 trident.
You hit the orc.
The orc is heavily wounded.
The orc hits you with a +0 club. The orc hits you but does no damage.
You hit the orc.
The orc is almost dead.
The orc hits you with a +0 club. The orc hits you but does no damage.
You hit the orc.
You kill the orc!
The orc hits you from afar with a +0 trident.
Unknown command.
Reach: a) +0 spear
Press: ? - help, Dir - move target, f - orc
Aim: an orc, wielding a +0 trident (about 37% to evade your +0 spear)
You reach to attack!
You hit the orc.
The orc is lightly wounded.
Reach: a) +0 spear
Press: ? - help, Dir - move target, f/p - orc
Aim: an orc, wielding a +0 trident (lightly wounded, about 37% to evade your +0 spear)
You reach to attack!
You hit the orc but do no damage.
The orc is lightly wounded.
The orc misses you.
Reach: a) +0 spear
Press: ? - help, Dir - move target, f/p - orc
Aim: an orc, wielding a +0 trident (lightly wounded, about 37% to evade your +0 spear)
You reach to attack!
You barely miss the orc.
The orc is lightly wounded.
The orc hits you from afar with a +0 trident.
* * * LOW HITPOINT WARNING * * *
Reach: a) +0 spear
Press: ? - help, Dir - move target, f/p - orc
Aim: an orc, wielding a +0 trident (lightly wounded, about 37% to evade your +0 spear)
You reach to attack!
You closely miss the orc.
The orc is lightly wounded.
The orc hits you from afar with a +0 trident.
You die...

# ##.###.......#
#.##...##........
#.#..≈..#.......##
#...≈≈≈...........
#.#..≈.o#####.....
##..o## #.....
##.### #.....
########.#.#
#.....
#...@)o....#
#.....
##.#########
#..... #.# ##.###
#.# #.### #.######
#...# #......#
###.#.. ######.#
#...... #.#
#.P†≈≈⌠ #.#
##.≈....


You could see an orc.

Vanquished Creatures
  2 orcs (D:2)
  2 endoplasms (D:1)
  A giant cockroach (D:1)
  A goblin (D:1)
  4 hobgoblins
  2 quokkas (D:1)
  2 ball pythons (D:1)
  3 bats (D:1)
  A frilled lizard (D:1)
  4 kobolds
  3 rats
25 creatures vanquished.

Vanquished Creatures (others)
  A plant (D:2)
1 creature vanquished.

Grand Total: 26 creatures vanquished

Notes
Turn   | Place    | Note
-------+----------+-------------------------------------------
     0 | D:1      | Ablot the Gnoll Warper began the quest for the Orb.
     0 | D:1      | Reached XP level 1. HP: 20/20 MP: 6/6
   306 | D:1      | Reached XP level 2. HP: 21/26 MP: 7/7
   309 | D:1      | Learned a level 2 spell: Blink
  1131 | D:2      | Reached XP level 3. HP: 23/31 MP: 9/9
  1237 | D:2      | Found a faded altar of an unknown god.
  1317 | D:2      | Reached skill level 5 in Spellcasting
  1325 | D:2      | Slain by an orc

Illustrated notes

Levels and vault maps discovered:
D:1:      shiori_arrival_oz, layout_loops_cross
D:2:      layout_basic, serial_shops, shop_fountains,
          shapermc_ecumenical_altar_acropolis, ebering_dispersal_statue_hall,
          amcnicky_mini_pool_small

Skill      XL: |  1  2  3 |
---------------+----------+-----
Spellcasting   | 5 |  5.0
Fighting       | |  4.5
Short Blades   | |  0.6
Long Blades    | |  0.6
Axes           | |  0.6
Maces & Flails | |  0.6
Polearms       | |  4.5
Staves         | |  0.6
Slings         | |  0.6
Bows           | |  0.6
Crossbows      | |  0.6
Throwing       | |  2.5
Armour         | |  2.5
Dodging        | |  4.5
Stealth        | |  0.6
Shields        | |  0.6
Unarmed Combat | |  0.6
Conjurations   | |  0.4
Hexes          | |  0.4
Summonings     | |  0.4
Necromancy     | |  0.4
Translocations | |  5.4
Transmutations | |  0.4
Fire Magic     | |  0.4
Ice Magic      | |  0.4
Air Magic      | |  0.4
Earth Magic    | |  0.4
Poison Magic   | |  0.4
Invocations    | |  0.8
Evocations     | |  0.6

Action                   || total
-------------------------++-------
Melee: Spear             ||    96
       Bite              ||     3
 Stab: Sleeping          ||     1
Armor: Leather armour    ||    14
Dodge: Dodged            ||    34
